 Dungeon Crawl Stone Soup version 0.23-a0-586-gacb4b3f (webtiles) character file.

98 theanonym the Cudgeler (level 4, -4/33 HPs)
             Began as a Mummy Warper on Dec 19, 2018.
             Slain by Natasha the killer bee (8 damage)
             ... on level 2 of the Dungeon.
             The game lasted 00:03:02 (2521 turns).

theanonym the Cudgeler (Mummy Warper)               Turns: 2521, Time: 00:03:03

Health: -4/33      AC:  6    Str: 15    XL:     4   Next: 44%
Magic:  8/8        EV: 11    Int: 12    God:
Gold:   107        SH:  0    Dex: 11    Spells: 8/8 levels left

rFire    x . .     SeeInvis .   a - +0 mace
rCold    + . .     Gourm    .   (no shield)
rNeg     + + +     Faith    .   h - +0 ring mail
rPois    ∞         Spirit   .   (no helmet)
rElec    .         Reflect  .   (no cloak)
rCorr    .         Harm     .   i - +0 pair of gloves
MR       .....                  (no boots)
Stlth    +.........             (no amulet)
HPRegen  0.11/turn              (no ring)
MPRegen  0.11/turn              (no ring)

@: slowed, very slow
A: no food or potions, fire vulnerability, cold resistance 1, negative energy
resistance 3, torment resistance, unbreathing
a: no special abilities


Innate Abilities, Weirdness & Mutations

You do not eat or drink.
Your flesh is vulnerable to fire.
You are immune to poison.
Your flesh is cold resistant. (rC+)
You are immune to negative energy. (rN+++)
You are immune to unholy pain and torment.
You can survive without breathing.


   Skills:
 - Level 2.0 Fighting
 + Level 3.9 Maces & Flails
 - Level 0.7 Throwing
 - Level 0.7 Armour
 - Level 1.5 Dodging
 - Level 2.6 Spellcasting
   Level 2.4 Translocations


You had 8 spell levels left.
You didn't know any spells.
Your spell library contained the following spells:

 Spells                   Type           Power        Failure   Level  Hunger
 Blink                    Tloc           N/A          28%         2    N/A
 Shroud of Golubria       Chrm/Tloc      #.........   43%         2    N/A
 Gell's Gravitas          Tloc           #.........   50%         3    N/A
 Lesser Beckoning         Tloc           #.........   50%         3    N/A
 Teleport Other           Tloc           #.......     50%         3    N/A
 Passage of Golubria      Tloc           N/A          88%         4    N/A

Skill      XL: |  1  2 |
---------------+-------+-----
Maces & Flails | 2 3 |  3.9
Fighting       | |  2.0
Throwing       | |  0.7
Armour         | |  0.7
Dodging        | |  1.5
Spellcasting   | |  2.6
Translocations | |  2.4

Action                   |  1- 3 |  4- 6 || total
-------------------------+-------+-------++-------
Melee: Mace              |   131 |    64 ||   195
Evoke: Wand              |       |     3 ||     3
  Use: Scroll            |     1 |     1 ||     2
Armor: Leather armour    |    32 |       ||    32
       Ring mail         |    12 |    49 ||    61
Dodge: Dodged            |    80 |    55 ||   135

Inventory:

Hand Weapons
 a - a +0 mace (weapon)
Missiles
 e - 5 tomahawks of dispersal (quivered)
Armour
 b - a +0 leather armour
 h - a +0 ring mail (worn)
   (You found it on level 2 of the Dungeon)
 i - a +0 pair of gloves (worn)
   (You found it on level 2 of the Dungeon)
Wands
 f - a wand of polymorph (7)
   (You found it on level 2 of the Dungeon)
Scrolls
 c - a scroll of enchant weapon {unknown}
 d - a scroll of remove curse {unknown}
 g - 3 scrolls of enchant armour {unknown}
 t - a scroll of teleportation {!r}
 B - a scroll of blinking


You were on level 2 of the Dungeon.
You were not hungry.

You visited 1 branch of the dungeon, and saw 2 of its levels.

You collected 107 gold pieces.

Dungeon Overview and Level Annotations

Branches:
Dungeon (2/15)

Altars:
Ashenzari

Annotations:
D:2 Natasha

###### #5y@.##
##.##..##
*#...##..#
*#.....##.#
#.......#.#
#).._..5#†#
#.......#.#
##.....##.#
######..[###.#


You could see Natasha the killer bee and a white imp.

Notes
Turn   | Place    | Note
-------+----------+-------------------------------------------
     0 | D:1      | theanonym the Mummy Warper began the quest for the Orb.
     0 | D:1      | Reached XP level 1. HP: 16/16 MP: 4/4
     9 | D:1      | HP: 5/16 [hobgoblin/cursed -1 club (4)]
   261 | D:1      | HP: 8/16 [frilled lizard (2)]
   433 | D:1      | Reached skill level 2 in Maces & Flails
   485 | D:1      | Reached XP level 2. HP: 13/22 MP: 5/5
   492 | D:1      | HP: 11/22 [rat (3)]
  1014 | D:2      | Reached skill level 3 in Maces & Flails
  1014 | D:2      | Reached XP level 3. HP: 24/27 MP: 7/7
  1170 | D:2      | HP: 13/27 [adder (2)]
  1184 | D:2      | HP: 7/27 [frilled lizard (3)]
  1436 | D:2      | Noticed Natasha
  1457 | D:2      | HP: 8/27 [white imp/puff of frost[Natasha] (6)]
  1766 | D:2      | Reached XP level 4. HP: 22/33 MP: 8/8
  1893 | D:2      | HP: 16/33 [worm (5)]
  2500 | D:2      | Found a shattered altar of Ashenzari.
  2519 | D:2      | HP: 12/33 [Natasha (7)]
  2520 | D:2      | Noticed Natasha
  2520 | D:2      | Natasha changed into Natasha the killer bee
  2520 | D:2      | HP: 4/33 [Natasha the killer bee (7)]
  2521 | D:2      | Slain by Natasha the killer bee

Vanquished Creatures
  4 adders (D:2)
  2 oozes
  A worm (D:2)
  A dart slug (D:2)
  2 giant cockroaches
  8 goblins
  7 hobgoblins
  3 jackals (D:2)
  A ball python (D:1)
  5 bats
  5 frilled lizards
  7 kobolds
  4 rats (D:1)
50 creatures vanquished.

Table legend:
 A = Turns spent in this place as a percentage of turns spent in the entire game.
 B = Non-inter-level travel turns spent in this place as a percentage of non-inter-level travel turns spent in the entire game.
 C = Inter-level travel turns spent in this place as a percentage of turns spent in this place.
 D = Turns resting spent in this place as a percentage of non-inter-level travel turns spent in this place.
 E = Turns spent auto-exploring this place as a percentage of non-inter-level travel turns spent in this place.
 F = Non-inter-level travel turns spent in this place divided by the number of levels of this place that you've seen.
                   A       B       C       D       E      F
               +-------+-------+-------+-------+-------+----------------------
         Total | 100.0 | 100.0 |   1.0 |  54.1 |  28.9 | 1247.5
       Dungeon | 100.0 | 100.0 |   1.0 |  54.1 |  28.9 | 1247.5
               +-------+-------+-------+-------+-------+----------------------
